 Dungeon Crawl Stone Soup version 0.17.0-28-g6e173f8 (webtiles) character file.

26 hexophile the Ducker (level 2, 0/14 HPs)
             Began as a Felid Berserker on Nov 29, 2015.
             Was a Follower of Trog.
             Slain by a ball python (1 damage)
             ... on level 1 of the Dungeon.
             The game lasted 00:01:20 (796 turns).

hexophile the Ducker (Felid Berserker)               Turns: 796, Time: 00:01:20

Health: 0/14       AC:  1    Str: 13    XL:     2   Next: 89%
Magic:  3/3        EV: 19    Int:  8    God:    Trog [*.....]
Gold:   37         SH:  0    Dex: 15    Spells: 0 memorised, 1 level left
                                        Lives:  0   Deaths: 0

rFire  . . .     SeeInvis +       - Unarmed
rCold  . . .     Clarity  .     (armour unavailable)
rNeg   . . .     SustAt   .     (shield unavailable)
rPois  .         Gourm    .     (helmet unavailable)
rElec  .         Spirit   .     (cloak unavailable)
rCorr  .         Warding  .     (gloves unavailable)
rMut   .         Stasis   .     (boots unavailable)
MR     .....                    (no amulet)
Stlth  ++........               (no ring)
                                (no ring)

@: exhausted, slowed, drained, slow, not resistant to hostile enchantments,
unstealthy
A: no armour, no weapons or thrown items, claws 1, fangs 3, see invisible,
carnivore 3, speed 1, shaggy fur 1, slow metabolism 1, sharp paws
a: Berserk, Burn Spellbooks, Renounce Religion


You were on level 1 of the Dungeon.
You worshipped Trog.
Trog was aware of your devotion.
You were very full.

You visited 1 branch of the dungeon, and saw 1 of its levels.

You collected 37 gold pieces.


Innate Abilities, Weirdness & Mutations

You cannot wear armour.
You are incapable of wielding weapons or throwing items.
You have sharp claws.
You have razor-sharp teeth.
You have supernaturally acute eyesight.
You are carnivorous and can eat meat at any time.
You cover ground quickly.
You are covered in fur (AC +1).
You have a slow metabolism.
Your sharp claws are effective at attacking unaware monsters.

Inventory:

Scrolls
 c - a scroll of random uselessness {unknown}
 d - 2 scrolls of identify {unknown}
 f - a scroll of immolation {unknown}
 g - a scroll of remove curse {unknown}
 h - a scroll of enchant weapon {unknown}
Potions
 b - a potion of brilliance {unknown}
 e - a potion of cure mutation {!q}
Comestibles
 a - a meat ration
 i - 6 chunks of flesh


You had one spell level left.
You didn't know any spells.


   Skills:
 - Level 3.0(2.8) Fighting
 - Level 4.3(4.2) Dodging
 * Level 3.9(3.8) Unarmed Combat

Dungeon Overview and Level Annotations

Branches:
Dungeon (1/15)

Altars:

Vault maps used:
D:1:      co_arrival_random_square_maze, minmay_shallow_snake_nest
You       could see a bat and a ball python.


Message History

You lost 1 HP.
You have now: 8/14 HP.
You barely miss the goblin. You bite the goblin.
You kill the goblin!
Trog accepts your kill. The bat hits you. The bat completely misses you.
The rat misses you. The bat closely misses you.
You lost 1 HP.
You have now: 7/14 HP.
You closely miss the bat. The bat misses you.
The ball python barely misses you. The ball python grabs you.
The ball python constricts you. The bat hits you but does no damage.
The rat bites you.
* * * LOW HITPOINT WARNING * * *
You lost 4 HP.
You have now: 3/14 HP.
A red film seems to cover your vision as you go berserk!
You feel yourself moving faster!
You feel mighty! The bat hits you.
* * * LOW HITPOINT WARNING * * *
The bat closely misses you. The ball python closely misses you.
* * * LOW HITPOINT WARNING * * *
The ball python constricts you. The rat barely misses you.
The ball python completely misses you.
* * * LOW HITPOINT WARNING * * *
The ball python constricts you.
You got additional 7 HP.
You lost 2 HP.
You have now: 1/21 HP.
Your attempt to break free from the ball python fails, but you feel that another attempt might succeed.
You feel a strong urge to attack something.
The bat barely misses you. The bat misses you.
Unknown command.
You escape the ball python's grasp.
The bat barely misses you.
You feel your anger subside.
There is an open door here.
You are no longer berserk.
You are exhausted.
You feel yourself slow down.
You scratch the bat.
You kill the bat!
Trog accepts your kill. The bat closely misses you.
The bat completely misses you.
Unknown command.
The bat barely misses you.
There is an open door here.
Okay, then.
Read which item? (? for menu, Esc to quit)
Okay, then.
Drink which item? (? for menu, Esc to quit)
Okay, then.
Okay, then.
Drink which item? (? for menu, Esc to quit)
It was a potion of cure mutation.
It has a very clean taste.
The ball python bites you.
You die...

Action                   || total
-------------------------++-------
Melee: Unarmed           ||    53
Invok: Berserk           ||     2
  Use: Potion            ||     1
 Stab: Sleeping          ||     2
  Eat: Chunk             ||     8

Notes
Turn   | Place    | Note
--------------------------------------------------------------
     0 | D:1      | hexophile the Felid Berserker began the quest for the Orb.
     0 | D:1      | Reached XP level 1. HP: 10/10 MP: 2/2
   233 | D:1      | Reached XP level 2. HP: 11/14 MP: 3/3
   789 | D:1      | HP: 1/21 [ball python (1)]
   796 | D:1      | Slain by a ball python

Table legend:
 A = Turns spent in this place as a percentage of turns spent in the entire game.
 B = Non-inter-level travel turns spent in this place as a percentage of non-inter-level travel turns spent in the entire game.
 C = Inter-level travel turns spent in this place as a percentage of turns spent in this place.
 D = Turns resting spent in this place as a percentage of non-inter-level travel turns spent in this place.
 E = Turns spent auto-exploring this place as a percentage of non-inter-level travel turns spent in this place.
 F = Non-inter-level travel turns spent in this place divided by the number of levels of this place that you've seen.
                   A       B       C       D       E      F
               +-------+-------+-------+-------+-------+----------------------
         Total | 100.0 | 100.0 |   0.0 |   5.2 |   5.7 | 212.0
       Dungeon | 100.0 | 100.0 |   0.0 |   5.2 |   5.7 | 212.0
               +-------+-------+-------+-------+-------+----------------------

Table legend:
 A = Kills in this place as a percentage of kills in entire the game.
 B = Kills by you in this place as a percentage of kills by you in the entire game.
 C = Kills by friends in this place as a percentage of kills by friends in the entire game.
 D = Other kills in this place as a percentage of other kills in the entire game.
 E = Experience gained in this place as a percentage of experience gained in the entire game.
 F = Experience gained in this place divided by the number of levels of this place that you have seen.
                   A       B       C       D       E      F
               +-------+-------+-------+-------+-------+----------------------
         Total | 100.0 | 100.0 |  -nan |  -nan | 100.0 |  38.0
       Dungeon | 100.0 | 100.0 |  -nan |  -nan | 100.0 |  38.0
               +-------+-------+-------+-------+-------+----------------------

Vanquished Creatures
  An ooze (D:1)
  A giant gecko (D:1)
  3 ball pythons (D:1)
  6 bats (D:1)
  5 goblins (D:1)
  A hobgoblin (D:1)
  2 kobolds (D:1)
  2 rats (D:1)
21 creatures vanquished.
